 Dungeon Crawl Stone Soup version 0.31-a0-361-g0f8bd3a31e (webtiles) character file.

Game seed: 5199091420355915517

3054 gyole the Mimic (level 9, -16/97 HPs)
             Began as an Ogre Shapeshifter on July 27, 2023.
             Was a Follower of Elyvilon.
             Demolished by Amaemon the guardian serpent (18 damage)
             ... on level 8 of the Dungeon.
             The game lasted 00:22:40 (7958 turns).

gyole the Mimic (Ogre Shapeshifter)                 Turns: 7958, Time: 00:22:41

Health: -16/97     AC:  3    Str: 21    XL:     9   Next: 87%
Magic:  9/9        EV: 10    Int: 13    God:    Elyvilon [*.....]
Gold:   349        SH:  0    Dex:  9    Spells: 5/8 levels left

rFire   . .          .
                       - Unarmed
rCold   . . .        (no shield)
rNeg    . . .        a - +0 animal skin
rPois   .            (helmet currently unavailable)
rElec   .            (cloak currently unavailable)
rCorr   .            (gloves unavailable)
SInv    .            (boots unavailable)
Will    .....        (no amulet)
Stlth   +            f - +4 ring of slaying
HPRegen 0.36/turn    i - ring of flight
MPRegen 0.11/turn

%: no passive effects
@: beast-form, flying, slowed, studying Shapeshifting, very slow
A: beast (slay +7), large, unfitting armour, tough skin 1
a: Begin Untransformation, Renounce Religion, Purification


You were on level 8 of the Dungeon.
You worshipped Elyvilon.
Elyvilon was aware of your devotion.
You were a hulking beast.
You visited 2 branches of the dungeon, and saw 9 of its levels.

You collected 349 gold pieces.

Inventory:

Hand Weapons
 q - a +0 spear
 t - a +0 war axe
 w - a +0 giant club
 C - a +0 orcbow
Missiles
 m - a boomerang
 y - 3 poisoned darts
 P - 2 boomerangs of dispersal
Armour
 a - a +0 animal skin (worn)
 k - a +0 kite shield
Jewellery
 e - a ring of ice
 f - a +4 ring of slaying (left hand)
 i - a ring of flight (right hand)
 u - a ring of see invisible
 J - a ring of wizardry
Talismans
 c - a beast talisman
 n - a beast talisman
Wands
 b - a wand of charming (10)
 D - a wand of polymorph (5)
 K - a wand of iceblast (11)
Scrolls
 h - 2 scrolls of enchant armour
 l - 3 scrolls of blinking
 p - 2 scrolls of teleportation
 v - a scroll of poison
 x - a scroll of fog
 A - 3 scrolls of amnesia
 B - a scroll of fear
 E - a scroll of revelation {unknown}
 F - a scroll of torment {unknown}
 H - a scroll of noise {unknown}
 I - a scroll of vulnerability {unknown}
 M - a scroll of enchant weapon {unknown}
Potions
 d - a potion of might
 g - 2 potions of invisibility
 j - a potion of heal wounds
 r - 2 potions of haste
 s - a potion of enlightenment
 z - a potion of brilliance {unknown}
 L - 2 potions of mutation {unknown}
Miscellaneous
 G - a piece from Xom's chessboard (15/15)


   Skills:
 * Level 8.7 Fighting
 + Level 2.2 Dodging
 * Level 6.6 Unarmed Combat
 * Level 1.8 Translocations
 + Level 1.0 Evocations
 * Level 10.7 Shapeshifting


You had 5 spell levels left.
You knew the following spells:

 Your Spells              Type           Power      Damage    Failure   Level
a - Apportation           Tloc           8%         N/A       14%         1
b - Blink                 Tloc           8%         N/A       22%         2

Your spell library contained the following spells:

 Spells                   Type           Power      Damage    Failure   Level
 Lesser Beckoning         Tloc           8%         N/A       22%         2
 Necrotise                Necr           0%         1d4       30%         1
 Shock                    Conj/Air       0%         1d3       30%         1
 Momentum Strike          Conj/Tloc      4%         3d8       32%         2
 Volatile Blastmotes      Fire/Tloc      4%         2d10      54%         3
 Dazzling Flash           Conj/Hex       0%         N/A       67%         3
 Swiftness                Air            0%         N/A       67%         3
 Vampiric Draining        Necr           0%         2d6       67%         3
 Airstrike                Air            0%         2d(0-16)  97%         4
 Agony                    Necr           0%         N/A       100%        5
 Alistair's Intoxication  Tmut/Pois      0%         N/A       100%        5
 Starburst                Conj/Fire      0%         6d3       100%        6
 Maxwell's Capacitive Co  Air            0%         ∞         100%        8


Dungeon Overview and Level Annotations

Branches:
Dungeon (8/15)             Temple (1/1) D:7
   Lair: D:8-11

Altars:
Ashenzari
Cheibriados
Dithmenos
Elyvilon
Fedhas
Gozag
Hepliaklqana
Kikubaaqudgha
Makhleb
Nemelex Xobeh
Okawaru
Qazlal
Ru
Sif Muna
Trog
Uskayaw
Vehumet
Xom
Yredelemnul
Zin
The Shining One

Annotations:
D:7 2 runed translucent doors, 1 exclusion
D:8 Amaemon


Innate Abilities, Weirdness & Mutations

You are a hulking beast.
Your limbs bulge with bestial killing power. (Slay +7)
You are too large for most types of armour.
You have tough skin. (AC +1)


Message History

The net rips apart, and Amaemon comes free!
Amaemon hits you!
You punch Amaemon!
Amaemon is heavily wounded.
Amaemon casts a spell at you.
You feel yourself slow down.
You punch Amaemon!
Amaemon is severely wounded.
Amaemon hits you! Amaemon closely misses you.
You miss Amaemon.
Amaemon is severely wounded.
Amaemon barely misses you. Amaemon hits you but does no damage.
You closely miss Amaemon.
Amaemon is severely wounded.
Amaemon's tail lashes.
Amaemon coils itself and waves its upper body at you.
You resist with some effort. Amaemon casts a spell at you.
The bolt of poison hits you!!
You are poisoned.
You miss Amaemon.
Amaemon is severely wounded.
You feel very sick. Amaemon hits you!
Amaemon coils itself and waves its upper body at you.
You resist with some effort.
Unknown command.
You feel better. Amaemon hits you!!
* * * LOW HITPOINT WARNING * * *
Something foul drips from Amaemon's claws.
Amaemon closely misses you.
Aiming: Iceblast
Press: ? - help, Shift-Dir - straight line, p - Amaemon The mass of ice explodes!
The iceblast engulfs Amaemon!
Amaemon is almost dead.
Amaemon closely misses you. Amaemon hits you!!
* * * LOW HITPOINT WARNING * * *
Amaemon hisses.
Amaemon hits you!!
You die...

.###########............#
.# #............# ######
#............# .....#
#..(.........# ####.#
#..........<.# # #.#
#............# # #.#
#..).........# # #.#
#...S........# # #.#
####h######## # #.#
#######'###### #
#.#####............# #
#.#...'............# #
#.#.###....>.......# #
#.#.# #............#
#.#.###............#
#.#...........######
#.########.)......


You could see Amaemon the guardian serpent.

Vanquished Creatures
  Eustachio (D:5)
  2 yaks
  Duvessa (D:5)
  3 water moccasins (D:7)
  An orc warrior (D:6)
  A sky beast (D:6)
  An ice beast (D:6)
  2 ogres
  2 centaurs (D:7)
  3 phantoms
  A kobold brigand (D:7)
  A scorpion (D:3)
  5 wights (D:7)
  Dowan (D:5)
  A howler monkey (D:6)
  3 orc priests
  3 gnoll boudas
  4 hounds
  2 jellies (D:7)
  3 iguanas
  2 orc wizards (D:5)
  Ijyb (D:4)
  11 adders
  13 gnolls
  A shadow imp (D:5)
  2 ufetubi (D:5)
  5 dart slugs
  9 orcs
  3 endoplasms
  2 giant cockroaches
  A goblin (D:4)
  8 hobgoblins
  6 jackals
  2 quokkas
  4 ball pythons
  4 bats
  3 frilled lizards
  8 kobolds
  4 rats
130 creatures vanquished.

Vanquished Creatures (collateral kills)
  An ogre (D:7)
1 creature vanquished.

Grand Total: 131 creatures vanquished

Notes
Turn   | Place    | Note
-------+----------+-------------------------------------------
     0 | D:1      | gyole the Ogre Shapeshifter began the quest for the Orb.
     0 | D:1      | Reached XP level 1. HP: 19/19 MP: 1/1
   258 | D:1      | Reached XP level 2. HP: 27/28 MP: 2/2
  1114 | D:3      | Reached XP level 3. HP: 31/35 MP: 3/3
  1377 | D:3      | Noticed a scorpion
  1402 | D:3      | Killed a scorpion
  1403 | D:3      | Reached skill level 4 in Shapeshifting
  1403 | D:3      | Reached XP level 4. HP: 45/45 MP: 4/4
  1617 | D:3      | Reached XP level 5. HP: 42/53 MP: 5/5
  2008 | D:4      | Identified a scroll of acquirement
  2021 | D:4      | Acquired a manual of Shapeshifting
  2049 | D:4      | Noticed a phantom
  2074 | D:4      | Killed a phantom
  2075 | D:4      | Reached XP level 6. HP: 36/62 MP: 6/6
  2234 | D:4      | Found a sparkling altar of Nemelex Xobeh.
  2250 | D:4      | Reached skill level 5 in Shapeshifting
  2324 | D:4      | Found a snail-covered altar of Cheibriados.
  2329 | D:4      | Found a hide-covered altar of Uskayaw.
  2334 | D:4      | Found a white marble altar of Elyvilon.
  2339 | D:4      | Found a radiant altar of Vehumet.
  2675 | D:4      | Noticed Ijyb
  2693 | D:4      | Killed Ijyb
  2844 | D:5      | Entered Level 5 of the Dungeon
  2854 | D:5      | Noticed Eustachio
  2884 | D:5      | Killed Eustachio
  2885 | D:5      | Reached skill level 5 in Fighting
  2885 | D:5      | Reached skill level 6 in Shapeshifting
  2885 | D:5      | Reached XP level 7. HP: 34/72 MP: 7/7
  3729 | D:5      | Reached skill level 7 in Shapeshifting
  3768 | D:5      | Noticed Duvessa
  3768 | D:5      | Noticed Dowan
  3775 | D:5      | Killed Duvessa
  3776 | D:5      | Reached XP level 8. HP: 60/83 MP: 8/8
  3780 | D:5      | Killed Dowan
  3919 | D:5      | Found a shimmering blue altar of Sif Muna.
  3946 | D:5      | Got Sif Muna's Vellum of Gases
  4247 | D:6      | Reached skill level 5 in Unarmed Combat
  4341 | D:6      | Reached skill level 8 in Shapeshifting
  4747 | D:6      | Found an opulent altar of Gozag.
  5030 | D:6      | Reached skill level 9 in Shapeshifting
  5413 | D:7      | Reached XP level 9. HP: 90/93 MP: 9/9
  5448 | D:7      | Found a burning altar of Makhleb.
  5448 | D:7      | Found a glowing silver altar of Zin.
  5449 | D:7      | Noticed an angel
  5449 | D:7      | Noticed an Executioner
  5463 | D:7      | Found a staircase to the Ecumenical Temple.
  5473 | Temple   | Entered the Ecumenical Temple
  5579 | D:4      | Became a worshipper of Elyvilon the Healer
  5743 | D:7      | Found a broken altar of Ashenzari.
  6440 | D:7      | Reached skill level 10 in Shapeshifting
  6572 | D:7      | Learned a level 1 spell: Apportation
  6575 | D:7      | Learned a level 2 spell: Blink
  6805 | D:7      | Found a runed translucent door.
  6808 | D:7      | Found a runed translucent door.
  6962 | D:7      | Reached skill level 1 in Translocations
  7128 | D:7      | Reached * piety under Elyvilon
  7436 | D:8      | Found a stormy altar of Qazlal.
  7461 | D:8      | Noticed an orange demon
  7764 | D:8      | Reached skill level 1 in Evocations
  7878 | D:8      | Noticed Amaemon
  7947 | D:8      | Amaemon changed into Amaemon the guardian serpent
  7947 | D:8      | Noticed Amaemon
  7958 | D:8      | HP: 2/97 [Amaemon the guardian serpent (22)]
  7958 | D:8      | Demolished by Amaemon the guardian serpent

Illustrated notes

Levels and vault maps discovered:
D:1:      psy_arrival_dodecagon, layout_basic
D:2:      layout_loops_ring
D:3:      layout_loops_ring
D:4:      layout_rooms, nemelex_xobeh_ov_fountains_minmay,
          grunt_temple_overflow_cloverleaf, uniq_ijyb
D:5:      layout_basic, led_sif_book, uniq_eustachio, uniq_duvessa
D:6:      layout_cave_pods, mainiacjoe_overflow_small_starburst, st_stairs_11
D:7:      lemuel_insect_pit, layout_basic,
          grunt_temple_overflow_order_and_chaos_2, mainiacjoe_overflow_24_doors,
          minmay_temple_entry_glass, serial_curves, eino_curves_01,
          eino_curves_03, eino_curves_04, eino_curves_04,
          hellmonk_bongcloud_opening
D:8:      layout_basic, grunt_qazlal_sundering, uniq_amaemon
Temple:   dpeg_chambers_temple

Skill      XL: |  1  2  3  4  5  6  7  8  9 |
---------------+----------------------------+-----
Fighting       | 2 3 4 5 7 8 |  8.7
Unarmed Combat | 3 4 5 6 |  6.6
Shapeshifting  | 4 6 7 9 10 | 10.7
Dodging        | 2 |  2.2
Translocations | 1 |  1.8
Evocations     | 1 |  1.0

Action                     |  1- 3 |  4- 6 |  7- 9 || total
---------------------------+-------+-------+-------++-------
  Melee: Unarmed           |    75 |   113 |   207 ||   395
         Punch             |     1 |     3 |    13 ||    17
  Throw: Dart              |       |     1 |    10 ||    11
         Throwing net      |       |     1 |     3 ||     4
         Boomerang         |       |       |    28 ||    28
  Evoke: Wand              |       |       |     5 ||     5
    Use: Potion            |     1 |       |     2 ||     3
         Scroll            |       |    11 |     5 ||    16
   Stab: Sleeping          |     1 |       |       ||     1
         Held in net/web   |       |       |     2 ||     2
         Distracted        |       |       |     1 ||     1
 Armour: Animal skin       |    14 |    12 |    32 ||    58
         Skin              |     7 |       |    11 ||    18
  Dodge: Dodged            |    27 |    49 |    95 ||   171

Table legend: (Time is in decaauts)
 A = Elapsed time spent in this place.
 B = Non-inter-level travel time spent in this place.
 C = Inter-level travel time spent in this place.
 D = Time resting spent in this place.
 E = Time spent auto-exploring this place.
 F = Levels seen in this place.
 G = Mean time per level.
                   A        B        C        D        E       F      G
               +--------+--------+--------+--------+--------+-----+--------+
         Total |   7942 |   7369 |    573 |   1165 |   4721 |   9 |  882.4 |
       Dungeon |   7940 |   7368 |    572 |   1165 |   4721 |   8 |  992.5 |
        Temple |      1 |      0 |      1 |      0 |      0 |   1 |    1.0 |
               +--------+--------+--------+--------+--------+-----+--------+

Top non-repeatable levels by time:
     D:7: 1714 daAuts
     D:6: 1313 daAuts
     D:4: 1157 daAuts
     D:5: 1151 daAuts
     D:3: 886 daAuts
     D:8: 613 daAuts
     D:2: 609 daAuts
     D:1: 496 daAuts
  Temple: 1 daAuts
